 Dungeon Crawl Stone Soup version 0.17-a0-2073-gde5cdba (webtiles) character file.

24 ololoev the Chopper (level 3, 21/33 HPs)
             Began as a Hill Orc Fighter on Oct 15, 2015.
             Quit the game on level 4 of the Dungeon.
             The game lasted 00:02:05 (379 turns).

ololoev the Chopper (Hill Orc Fighter)               Turns: 379, Time: 00:02:05

Health: 21/33      AC:  6    Str: 19    XL:     3   Next: 2%
Magic:  2/2        EV:  7    Int:  8    God:
Gold:   40         SH:  9    Dex: 10    Spells: 0 memorised, 2 levels left

rFire  . . .     SeeInvis .     a - +0 war axe
rCold  . . .     Clarity  .     b - +0 scale mail
rNeg   . . .     SustAt   .     c - +0 shield
rPois  .         Gourm    .     (no helmet)
rElec  .         Spirit   .     (no cloak)
rCorr  .         Warding  .     (no gloves)
rMut   .         Stasis   .     (no boots)
MR     .....                    (no amulet)
Stlth  ..........               (no ring)
                                (no ring)

@: not resistant to hostile enchantments, extremely unstealthy
A: low mp 1, sense surroundings 1, no device heal 1
a: no special abilities


Innate Abilities, Weirdness & Mutations

Your magical capacity is low (-10% MP).
You passively map a small area around you.
Potions and wands are less effective at restoring your health.

Inventory:

Hand Weapons
 a - a +0 war axe (weapon)
Armour
 b - a +0 scale mail (worn)
 c - a +0 shield (worn)
Scrolls
 i - 4 scrolls of noise {unknown}
 j - a scroll of blinking {unknown}
 k - a scroll of amnesia {unknown}
Potions
 g - a potion of cancellation
Comestibles
 e - a bread ration


   Skills:
 + Level 3.8 Fighting
 * Level 3.9 Axes
 + Level 3.6 Armour
 - Level 3.2 Shields


You had 2 spell levels left.
You didn't know any spells.


You were on level 4 of the Dungeon.
You were not hungry.

You visited 1 branch of the dungeon, and saw 5 of its levels.

You collected 40 gold pieces.

#...# ##8..8##.# ##..
#...# #.....##.# #...#
###..###.# #...#
#.....#.# , ##.##
##..###.######
#.#######....⌠#......#
#......###..########.####
* ####.####_oW.._#
#....#.. #....# ###@.###
#....... #....# #8.....#
###.##...# #...##
###⌠#### ##[..# ##.#
#...##############..###
,# #......(....>......##
#<..################
#...# , #...# ** #...# ,
,

Notes
Turn   | Place    | Note
--------------------------------------------------------------
     0 | D:1      | ololoev the Hill Orc Fighter began the quest for the Orb.
     0 | D:1      | Reached XP level 1. HP: 19/19 MP: 1/1
   160 | D:2      | Reached XP level 2. HP: 24/27 MP: 2/2
   263 | D:3      | Reached XP level 3. HP: 15/33 MP: 3/3
   304 | D:4      | Found a deep blue altar of Sif Muna.
   333 | D:5      | Entered Level 5 of the Dungeon
   361 | D:4      | Noticed ololoev's ghost (amateur HOFi)
   371 | D:4      | Found a glowing silver altar of Zin.
   372 | D:4      | Found an ancient bone altar of Kikubaaqudgha.
   378 | D:4      | Gained mutation: Your magical capacity is low (-10% MP). [potion of mutation]
   378 | D:4      | Gained mutation: You passively map a small area around you. [potion of mutation]
   378 | D:4      | Gained mutation: Potions and wands are less effective at restoring your health. [potion of mutation]
   379 | D:4      | Quit the game

Dungeon Overview and Level Annotations

Branches:
Dungeon (5/15)
 Temple: D:4-7

Altars:
Kikubaaqudgha
Sif Muna
Zin

Annotations:
D:4 ololoev's ghost, amateur HOFi


Message History

Found 16 gold pieces.
You now have 40 gold pieces (gained 16).
You open the door.
Found a deep blue altar of Sif Muna.
Found a stone staircase leading down.
You see here 24 stones.
There is a stone staircase leading down here.
You climb downwards.
You hear the hiss of flowing sand.
There is an entrance to an ossuary on this level.
Hurry and find it before the portal is buried!
There is a stone staircase leading up here.
You climb upwards.
There is a stone staircase leading down here.
Found a robe.
You see here a robe.
A giant newt comes into view.
You closely miss the giant newt. The giant newt barely misses you.
The giant newt bites you but does no damage.
You hit the giant newt.
You kill the giant newt!
An orc comes into view. It is wielding a short sword.
Ololoev's ghost (amateur Hill Orc Fighter) comes into view.
An orc wizard comes into view. It is wielding a dagger.
The orc wizard shouts!
The orc wizard falls through a shaft!
The shaft crumbles and collapses.
Found a glowing silver altar of Zin.
Found an ancient bone altar of Kikubaaqudgha.
Drink which item? (? for menu, Esc to quit)
It was a potion of cancellation.
You feel magically purged.
Drink which item? (? for menu, Esc to quit)
It was a potion of curing.
You feel better. Ololoev's ghost hits you!
Drink which item? (? for menu, Esc to quit)
It was a potion of heal wounds.
You feel much better. Ololoev's ghost hits you!
Drink which item? (? for menu, Esc to quit)
It was a potion of mutation.
You feel extremely strange.
You feel less energetic.
You feel a strange attunement to the structure of the dungeons.
Your system partially rejects artificial healing.
Ololoev's ghost barely misses you.
Are you sure you want to abandon this character and quit the game? (Confirm with "yes".)

You could see ololoev's ghost and an orc.

Vanquished Creatures
  An adder (D:2)
  A worm (D:3)
  A giant gecko (D:2)
  A ball python (D:3)
  3 hobgoblins
  A kobold (D:1)
  A giant newt (D:4)
  A goblin (D:1)
  3 jackals
13 creatures vanquished.

Action                   || total
-------------------------++-------
Melee: War axe           ||    37
  Use: Potion            ||     5

Vault maps used:
D:1:      wheals_arrival_linesprint, minivault_5
D:2:      serial_bayou, serial_bayou_pond_e, serial_bayou_lagoon_b,
          serial_bayou_crossing, serial_bayou_lagoon_a, first_bread, uniq_iyjb
D:3:      kennysheep_generic_room_10, uniq_robin
D:4:      lemuel_blue_sif_altar, lemuel_round_altar, minitemple,
          minmay_temple_entry_enclosed_plants, serial_shops, shop
D:5:      nicolae_ossuary_entry_plus
